 Dungeon Crawl Stone Soup version 0.20-a0-421-gf6b327c (webtiles) character file.

2 Gorice the Sneak (level 1, 0/10 HPs)
             Began as a Kobold Enchanter on Dec 31, 2016.
             Slain by a goblin
             ... wielding a +0 dagger
              (3 damage)
             ... on level 1 of the Dungeon.
             The game lasted 00:02:03 (276 turns).

Gorice the Sneak (Kobold Enchanter)                  Turns: 276, Time: 00:02:03

Health: 0/10       AC:  3    Str:  5    XL:     1   Next: 44%
Magic:  1/3        EV: 15    Int: 16    God:
Gold:   38         SH:  0    Dex: 15    Spells: 3/4 levels left

rFire  . . .     SeeInvis .     b - +1 short sword (holy)
rCold  . . .     Gourm    .     f - +1 robe
rNeg   . . .     Faith    .     (shield restricted)
rPois  .         Spirit   .     (no helmet)
rElec  .         Reflect  .     (no cloak)
rCorr  .         Harm     .     (no gloves)
MR     .....                    (no boots)
Stlth  +++.......               (no amulet)
                                (no ring)
                                (no ring)

@: no status effects
A: carnivore 3
a: no special abilities


You were on level 1 of the Dungeon.
You were not hungry.

You visited 1 branch of the dungeon, and saw 1 of its levels.

You collected 38 gold pieces.

Inventory:

Hand Weapons
 a - a +1 dagger
 b - a +1 short sword of holy wrath (weapon)
   (You took it off a kobold on level 1 of the Dungeon)
Missiles
 e - 23 bolts
 Z - 18 stones (quivered)
Armour
 f - a +1 robe (worn)
 g - a +0 ring mail
Books
 c - a book of Maledictions
Comestibles
 d - a meat ration {!e}


   Skills:
 + Level 1.5 Short Blades
 - Level 2.4 Dodging
 - Level 4.0 Stealth
 - Level 2.1 Spellcasting
 + Level 3.1 Hexes


You had 3 spell levels left.
You knew the following spells:

 Your Spells              Type           Power        Failure   Level  Hunger
a - Corona                Hex            ##.....      8%          1    #......


Dungeon Overview and Level Annotations

Branches:
Dungeon (1/15)

Altars:


Innate Abilities, Weirdness & Mutations

You are small and have problems with some larger weapons.
You are carnivorous and can eat meat at any time.


Message History

A goblin comes into view. It is wielding a dagger.
The goblin shouts!
You hear a shout!
Casting: Corona
Confirm with . or Enter, or press ? or * to list all spells.
Aiming: Corona
Press: ? - help, Shift-Dir - straight line, f - goblin
Aim: a goblin, wielding a dagger (chance to defeat MR: 64%)
The goblin barely resists.
You hit the goblin.
The goblin is heavily wounded.
The goblin hits you with a dagger.
Damage: 1 (max 1)
Your +1 short sword of holy wrath softly glows with a divine radiance!
b - a +1 short sword of holy wrath (weapon)
The goblin completely misses you.
You closely miss the goblin.
The goblin is heavily wounded.
The goblin barely misses you.
You barely miss the goblin.
The goblin is heavily wounded.
The goblin barely misses you.
You closely miss the goblin.
The goblin is heavily wounded.
The goblin hits you with a dagger.
Ouch! That really hurt!
* * * LOW HITPOINT WARNING * * *
Damage: 5 (max 5)
You are too injured to fight recklessly!
You are too injured to fight recklessly!
You are too injured to fight recklessly!
Casting: Corona
Confirm with . or Enter, or press ? or * to list all spells.
Aiming: Corona
Press: ? - help, Shift-Dir - straight line, f/p - goblin
Aim: a goblin, wielding a dagger (heavily wounded, chance to defeat MR: 64%)
The goblin is outlined in light.
The goblin hits you with a dagger.
* * * LOW HITPOINT WARNING * * *
Damage: 1 (max 5)
You are too injured to fight recklessly!
You are too injured to fight recklessly!
You are too injured to fight recklessly!
You are too injured to fight recklessly!
You are too injured to fight recklessly!
You are too injured to fight recklessly!
You are too injured to fight recklessly!
You are too injured to fight recklessly!
You closely miss the goblin.
The goblin is heavily wounded.
The goblin hits you with a dagger.
You die...

..###.#.##.# ##
##..............# #.
......###.#.#### #.
...#..###.#.## #.
..........#.## #.
.....###.###.## #.
#######.# #.## ##.# #.
#.....g.# ##.###.## #.
##. #@# #..#.## ##
....####.######.#.##
##..............#########
..........####...........
...#####........#########
#.######## # #######.# #
........# # ######### #


You could see a goblin.

Vanquished Creatures
  A bat (D:1)
  A kobold (D:1)
  A rat (D:1)
3 creatures vanquished.

Notes
Turn   | Place    | Note
-------+----------+-------------------------------------------
     0 | D:1      | Gorice the Kobold Enchanter began the quest for the Orb.
     0 | D:1      | Reached XP level 1. HP: 10/10 MP: 3/3
   275 | D:1      | HP: 3/10 [goblin/dagger (1)]
   276 | D:1      | Slain by a goblin

Vault maps used:
D:1:      tarquinn_simple_flora_water_b

Action                   || total
-------------------------++-------
Melee: Dagger            ||     8
       Short sword       ||     6
Throw: Stone             ||     1
 Cast: Corona            ||     6
 Stab: Sleeping          ||     1
  Eat: Chunk             ||     1
Armor: Robe              ||     2
Dodge: Dodged            ||    19

Table legend:
 A = Turns spent in this place as a percentage of turns spent in the entire game.
 B = Non-inter-level travel turns spent in this place as a percentage of non-inter-level travel turns spent in the entire game.
 C = Inter-level travel turns spent in this place as a percentage of turns spent in this place.
 D = Turns resting spent in this place as a percentage of non-inter-level travel turns spent in this place.
 E = Turns spent auto-exploring this place as a percentage of non-inter-level travel turns spent in this place.
 F = Non-inter-level travel turns spent in this place divided by the number of levels of this place that you've seen.
                   A       B       C       D       E      F
               +-------+-------+-------+-------+-------+----------------------
         Total | 100.0 | 100.0 |   0.0 |   0.0 |   9.7 | 113.0
       Dungeon | 100.0 | 100.0 |   0.0 |   0.0 |   9.7 | 113.0
               +-------+-------+-------+-------+-------+----------------------

Vault maps used:
D:1:      tarquinn_simple_flora_water_b
